 Dungeon Crawl Stone Soup version 0.19.0-24-gb05acd6 (webtiles) character file.

4803 GordonOverkill the Slicer (level 10, -5/87 HPs)
             Began as a Kobold Berserker on Nov 22, 2016.
             Was an Elder of Trog.
             Killed from afar by an electric eel (9 damage)
             ... with a bolt of electricity
             ... on level 10 of the Dungeon.
             The game lasted 00:16:35 (8877 turns).

GordonOverkill the Slicer (Kobold Berserker)        Turns: 8877, Time: 00:16:37

Health: -5/87      AC: 11    Str: 23    XL:     10   Next: 76%
Magic:  10/10      EV: 11    Int:  8    God:    Trog [****..]
Gold:   387        SH:  8    Dex: 20    Spells: 0 memorised, 9 levels left

rFire  . . .     SeeInvis +     C - +10 falchion of Tadghaip {elec, MR+ Dex+5}
rCold  . . .     Gourm    .     H - +0 chain mail
rNeg   . . .     Faith    .     j - +0 buckler
rPois  .         Spirit   .     (no helmet)
rElec  .         Reflect  .     l - +0 cloak
rCorr  .         Harm     .     y - +1 pair of gloves
MR     +++..                    (no boots)
Stlth  ..........               K - amulet of regeneration
                                r - ring of stealth
                                x - ring of see invisible

@: berserking, regenerating, very quick
A: carnivore 3
a: Berserk, Trog's Hand, Brothers in Arms, Burn Spellbooks, Renounce Religion


You were on level 10 of the Dungeon.
You worshipped Trog.
Trog was greatly pleased with you.
You were completely stuffed.

You visited 2 branches of the dungeon, and saw 11 of its levels.

You collected 387 gold pieces.

Inventory:

Hand Weapons
 C - the +10 falchion of Tadghaip (weapon) {elec, MR+ Dex+5}
   (You found it on level 4 of the Dungeon)

   Occasionally, upon striking a foe, it will discharge some electrical energy
   and cause terrible harm.
   It affects your dexterity (+5).
   It affects your resistance to hostile enchantments.
 E - a +1 dagger
Armour
 j - a +0 buckler (worn)
 l - a +0 cloak (worn)
 y - a +1 pair of gloves (worn)
 D - a cursed +0 shield
 H - a +0 chain mail (worn)
Jewellery
 r - a ring of stealth (right hand)
 x - a ring of see invisible (left hand)
 K - an amulet of regeneration (around neck)
Wands
 q - a wand of paralysis (11/24)
 I - a wand of lightning (7/15)
 J - a wand of digging (9/24)
 L - a wand of iceblast (8/15)
Scrolls
 a - 4 scrolls of enchant weapon
 d - 2 scrolls of fog
 g - 2 scrolls of remove curse
 m - a scroll of blinking
 o - 6 scrolls of identify
 p - a scroll of teleportation
 w - 2 scrolls of amnesia
Potions
 b - 2 potions of haste
 e - 3 potions of berserk rage
 f - 3 potions of magic
 h - 2 potions of brilliance
 k - a potion of cure mutation
 z - 2 potions of mutation
 B - a potion of cancellation
 G - 4 potions of curing
 M - 3 potions of invisibility
Comestibles
 c - 5 meat rations
 i - a beef jerky
 n - 5 chunks of flesh
 t - a royal jelly


   Skills:
 + Level 4.9 Fighting
 - Level 9.6(12.2) Short Blades
 + Level 8.1(9.0) Long Blades
 - Level 1.5 Armour
 - Level 2.4 Dodging
 - Level 7.3 Shields


You had 9 spell levels left.
You didn't know any spells.

Dungeon Overview and Level Annotations

Branches:
Dungeon (10/15)            Temple (1/1) D:6            Lair (0/6) D:9
    Orc: D:9-12

Altars:
Ashenzari
Cheibriados
Dithmenos
Elyvilon
Fedhas
Gozag
Hepliaklqana
Kikubaaqudgha
Makhleb
Nemelex Xobeh
Okawaru
Qazlal
Ru
Sif Muna
Trog
Uskayaw
Vehumet
Xom
Yredelemnul
Zin
The Shining One


Innate Abilities, Weirdness & Mutations

You are small and have problems with some larger weapons.
You are carnivorous and can eat meat at any time.


Message History

The electric eel shoots out a bolt of lightning at you!
The bolt of electricity hits you!
* * * LOW HITPOINT WARNING * * *
Unknown command.
You slash the electric eel!
You kill the electric eel!
Trog accepts your kill.
You hear a splash.
Unknown command.
You enter the shallow water.
Moving in this stuff is going to be slow.
You feel the effects of Trog's Hand fading.
The electric eel shoots out a bolt of lightning at you!
The bolt of electricity hits you!
* * * LOW HITPOINT WARNING * * *
The bolt of electricity hits you!
* * * LOW HITPOINT WARNING * * *
The electric eel shoots out a bolt of lightning at you!
The bolt of electricity hits you!
You die...

............. .≈≈≈≈≈≈
...........###≈≈≈≈≈≈≈≈##
...>.........≈≈≈≈≈≈≈≈≈≈#
.....<......≈≈≈≈≈≈≈≈≈≈≈#
#...........≈≈≈≈≈≈≈≈≈≈≈#
.......###.#.≈≈≈≈≈≈≈≈≈≈#
.......###.#..≈≈≈≈≈≈≈≈##
...............;≈≈≈≈≈$..
....##........##@≈...#
.... #.#####...:.....#
.... #.### #.........#
... #...###.......### ..
###.......##### ..
#.....### ##.###.....
#......# .##.. #......#
.#


You could see an electric eel.

Vanquished Creatures
  A death yak (D:9)
  Pikel (D:6)
  A troll (D:9)
  4 hippogriffs
  A wyvern (D:8)
  A yak (D:9)
  A water moccasin (D:8)
  2 ice beasts
  2 orc warriors
  A phantom (D:9)
  4 ogres
  Blork the orc (D:6)
  3 bullfrogs
  A gnoll sergeant (D:5)
  A scorpion (D:7)
  4 howler monkeys
  An electric eel (D:10)
  4 crimson imps
  A hound (D:4)
  An orc priest (D:8)
  Crazy Yiuf (D:2)
  4 bullfrog skeletons
  4 jellies
  4 iguanas
  3 orc wizards
  3 worker ants
  2 hound skeletons
  2 hound zombies
  10 gnolls
  2 worker ant zombies
  6 adders
  2 adder zombies (D:6)
  2 oozes
  An adder skeleton (D:5)
  3 worms (D:2)
  A dart slug (D:3)
  8 leopard geckos
  20 orcs
  4 ball pythons
  4 giant cockroaches
  6 goblins
  8 hobgoblins
  17 jackals
  8 kobolds
  A quokka (D:6)
  6 bats
  5 frilled lizards
  A jackal skeleton (D:5)
  A leopard gecko skeleton (D:5)
  A quokka zombie (D:9)
  8 rats
184 creatures vanquished.

Vanquished Creatures (others)
  A centaur (D:6)
  2 jackals (D:4)
3 creatures vanquished.

Grand Total: 187 creatures vanquished

Notes
Turn   | Place    | Note
-------+----------+-------------------------------------------
     0 | D:1      | GordonOverkill the Kobold Berserker began the quest for the Orb.
     0 | D:1      | Reached XP level 1. HP: 14/14 MP: 1/1
   211 | D:1      | Reached XP level 2. HP: 8/19 MP: 2/2
   913 | D:1      | Reached skill level 5 in Short Blades
  1012 | D:1      | Reached XP level 3. HP: 22/23 MP: 3/3
  1693 | D:2      | Found an iron altar of Okawaru.
  1702 | D:2      | Reached skill level 6 in Short Blades
  1732 | D:2      | Reached XP level 4. HP: 28/28 MP: 4/4
  1874 | D:2      | Reached ** piety under Trog
  2259 | D:2      | Found a runed door.
  2511 | D:2      | Noticed Crazy Yiuf
  2516 | D:2      | Killed Crazy Yiuf
  2516 | D:2      | Reached skill level 7 in Short Blades
  2516 | D:2      | Reached XP level 5. HP: 32/32 MP: 5/5
  2639 | D:3      | Found a faded altar of an unknown god.
  3199 | D:4      | Found a sacrificial altar of Ru.
  3199 | D:4      | Found a shimmering altar of Xom.
  3239 | D:4      | Found a shimmering altar of Xom.
  3249 | D:4      | Reached skill level 8 in Short Blades
  3318 | D:4      | Reached XP level 6. HP: 35/37 MP: 6/6
  3652 | D:4      | Noticed an ogre
  3657 | D:4      | Killed an ogre
  3657 | D:4      | Reached skill level 9 in Short Blades
  3750 | D:4      | Found a burning altar of Makhleb.
  3775 | D:4      | Got a transparent falchion
  3791 | D:4      | Reached XP level 7. HP: 24/41 MP: 7/7
  3968 | D:4      | Identified the +10 falchion of Tadghaip {elec, MR+ Dex+5} (You found it on level 4 of the Dungeon)
  4185 | D:5      | Entered Level 5 of the Dungeon
  4188 | D:5      | Reached skill level 1 in Long Blades
  4278 | D:5      | HP: 3/61 [poisoned by a gnoll sergeant]
  4724 | D:5      | Found a hide-covered altar of Uskayaw.
  4729 | D:5      | Reached skill level 1 in Shields
  4807 | D:5      | Reached XP level 8. HP: 38/46 MP: 8/8
  4921 | D:5      | Reached *** piety under Trog
  4947 | D:5      | Noticed a hand axe
  4948 | D:5      | Noticed an enchanted dagger
  5186 | D:5      | Found a hide-covered altar of Uskayaw.
  5818 | D:6      | Found a staircase to the Ecumenical Temple.
  5832 | Temple   | Entered the Ecumenical Temple
  6101 | D:6      | Noticed Blork the orc
  6112 | D:6      | Killed Blork the orc
  6186 | D:6      | Noticed Pikel
  6192 | D:6      | Killed Pikel
  6192 | D:6      | Reached skill level 5 in Long Blades
  6192 | D:6      | Reached XP level 9. HP: 51/51 MP: 9/9
  6225 | D:6      | Found a burning altar of Makhleb.
  6225 | D:6      | Noticed a green death
  7051 | D:8      | Reached skill level 5 in Shields
  7364 | D:8      | Found a hazy altar of Hepliaklqana.
  7404 | D:8      | Noticed a hippogriff
  7414 | D:8      | Killed a hippogriff
  7991 | D:8      | Noticed a hippogriff
  7996 | D:8      | Killed a hippogriff
  8110 | D:9      | Noticed a troll
  8117 | D:9      | Killed a troll
  8117 | D:9      | Reached **** piety under Trog
  8117 | D:9      | Reached XP level 10. HP: 56/56 MP: 10/10
  8265 | D:9      | Found a staircase to the Lair.
  8265 | D:9      | Noticed a death yak
  8280 | D:9      | Killed a death yak
  8823 | D:10     | Entered Level 10 of the Dungeon
  8877 | D:10     | HP: 4/87 [electric eel/bolt of electricity (10)]
  8877 | D:10     | Killed from afar by an electric eel

Skill      XL: |  1  2  3  4  5  6  7  8  9 10 |
---------------+-------------------------------+-----
Short Blades   | 5 6 7 8 9 |  9.6
Long Blades    | 3 5 6 8 |  8.1
Shields        | 1 4 6 7 |  7.3
Fighting       | 4 |  4.9
Armour         | |  1.5
Dodging        | |  2.4

Action                   |  1- 3 |  4- 6 |  7- 9 | 10-12 || total
-------------------------+-------+-------+-------+-------++-------
Melee: Short sword       |   130 |   192 |     3 |       ||   325
       Falchion          |       |       |   175 |    86 ||   261
Invok: Berserk           |     1 |     4 |     8 |     3 ||    16
       Trog's Hand       |       |       |       |     1 ||     1
  Use: Potion            |     3 |       |     3 |       ||     6
       Scroll            |       |       |    18 |       ||    18
  Eat: Chunk             |    11 |    10 |    20 |     7 ||    48
Armor: Animal skin       |     2 |       |       |       ||     2
       Leather armour    |     2 |       |       |       ||     2
       Ring mail         |    22 |    37 |    13 |       ||    72
       Chain mail        |       |       |    51 |    26 ||    77
Dodge: Dodged            |    92 |    94 |    98 |    19 ||   303
Block: Buckler           |       |       |       |    11 ||    11
       Rpst.: Falchion   |       |       |    31 |     6 ||    37
